 Dungeon Crawl Stone Soup version 0.28.0-47-ge53b351184 (webtiles) character file.

Game seed: 12456900215301409327

263 pkoi the Shield-Bearer (level 5, -1/46 HPs)
             Began as a Demigod Fighter on May 8, 2022.
             Succumbed to a gnoll's poison
             ... on level 2 of the Dungeon.
             The game lasted 00:04:11 (5293 turns).

pkoi the Shield-Bearer (Demigod Fighter)            Turns: 5293, Time: 00:04:11

Health: -1/46      AC:  8    Str: 17    XL:     5   Next: 65%
Magic:  7/7        EV:  9    Int: 14    God:
Gold:   130        SH:  5    Dex: 13    Spells: 4/4 levels left

rFire   . . .      SeeInvis .   l - +0 whip (elec)
rCold   . . .      Faith    .   b - +0 buckler
rNeg    . . .      Spirit   .   a - +0 scale mail
rPois   .          Reflect  .   g - +0 helmet
rElec   .          Harm     .   (no cloak)
rCorr   .          Rampage  .   (no gloves)
Will    .....                   (no boots)
Stlth   ..........              (no amulet)
HPRegen 0.15/turn               (no ring)
MPRegen 0.10/turn               (no ring)

@: mighty, lethally poisoned (-1 -> -10)
A: high MP 1, forlorn, divine attributes
a: no special abilities


You were on level 2 of the Dungeon.
You visited 1 branch of the dungeon, and saw 3 of its levels.

You collected 130 gold pieces.

Inventory:

Hand Weapons
 j - a +1 short sword
 l - a +0 whip of electrocution (weapon)
Missiles
 k - 5 poisoned darts (quivered)
Armour
 a - a +0 scale mail (worn)
 b - a +0 buckler (worn)
 g - a +0 helmet (worn)
 n - an orb of light
Jewellery
 h - a +6 ring of dexterity
Scrolls
 d - 2 scrolls of fog
 e - 3 scrolls of enchant weapon
 i - a scroll of teleportation
 o - a scroll of identify
Potions
 c - a potion of might
 f - a potion of magic


   Skills:
 + Level 3.8 Fighting
 + Level 3.8 Armour
 + Level 3.8 Shields
 + Level 3.1 Unarmed Combat


You had 4 spell levels left.
You didn't know any spells.
Your spell library contained the following spells:

 Spells                   Type           Power      Damage    Failure   Level
 Animate Armour           Summ/Erth      0%         N/A       100%        4
 Blade Hands              Tmut           0%         N/A       100%        5
 Iron Shot                Conj/Erth      0%         9d1       100%        6


Dungeon Overview and Level Annotations

Branches:
Dungeon (3/15)


Innate Abilities, Weirdness & Mutations

You have an increased reservoir of magic. (+10% MP)
You shall have no god before yourself.
Your divine heritage dramatically boosts your attributes as you level up.


Message History

Done waiting.
Items here: )))).
There is a stone staircase leading down here.
You climb downwards.
The gnoll closely misses you.
There is a stone staircase leading up, spattered with blood here.
Unknown command.
You hit the gnoll.
The gnoll is lightly wounded.
The gnoll hits you with a +1 halberd of venom.
You are poisoned.
You whack the gnoll!
The gnoll is severely wounded.
You feel very sick.
The gnoll hits you with a +1 halberd of venom!
* * * LOW HITPOINT WARNING * * *
You are lethally poisoned!
You barely miss the gnoll.
The gnoll is severely wounded.
* * * LOW HITPOINT WARNING * * *
You feel extremely sick. You block the gnoll's attack.
The gnoll hits you with a +1 halberd of venom!
* * * LOW HITPOINT WARNING * * *
You hit the gnoll.
You kill the gnoll!
* * * LOW HITPOINT WARNING * * *
You feel very sick.
Unknown command.
* * * LOW HITPOINT WARNING * * *
You feel very sick. The orc barely misses you.
You climb upwards.
* * * LOW HITPOINT WARNING * * *
You feel very sick.
There is a stone staircase leading down here.
Okay, then.
Okay, then.
Unknown command.
You feel very mighty all of a sudden.
You die...

##...<...#
....##+#+##
.#........#
.##.#.....#
.+..#.....#
.####.....# .#
#.....#
.#######.#########
...............o@#
######.###.#######
####.#...#
#....#...#
###....#...#
##.....#...#
##.....#...#
##.....#...#
##.........#


You could see an orc.

Vanquished Creatures
  2 hounds (D:3)
  An orc priest (D:3)
  6 gnolls
  3 adders (D:3)
  8 orcs
  4 endoplasms
  5 giant cockroaches (D:1)
  7 hobgoblins
  14 jackals
  4 quokkas
  5 ball pythons
  5 bats
  5 frilled lizards
  3 goblins
  6 kobolds
  4 rats
82 creatures vanquished.

Vanquished Creatures (others)
  A plant (D:3)
1 creature vanquished.

Grand Total: 83 creatures vanquished

Notes
Turn   | Place    | Note
-------+----------+-------------------------------------------
     0 | D:1      | pkoi the Demigod Fighter began the quest for the Orb.
     0 | D:1      | Reached XP level 1. HP: 18/18 MP: 3/3
   748 | D:1      | Reached XP level 2. HP: 25/25 MP: 4/4
  1662 | D:2      | Reached XP level 3. HP: 31/31 MP: 5/5
  2674 | D:3      | Reached XP level 4. HP: 28/38 MP: 6/6
  4341 | D:3      | Reached XP level 5. HP: 39/45 MP: 7/7
  4578 | D:3      | HP: 1/46 [orc/+0 war axe (7)]
  5292 | D:2      | HP: 1/46 [poisoned by a gnoll]
  5293 | D:2      | Succumbed to a gnoll's poison

Illustrated notes

Levels and vault maps discovered:
D:1:      lightli_arrival_noodles, layout_loops_ring
D:2:      layout_basic, grunt_ministairs_13
D:3:      lemuel_castle_with_subvaults [lemuel_castle_interior_carwin_1],
          layout_basic, st_stairs_1, minmay_goblin_kobold_house

Skill      XL: |  1  2  3  4 |
---------------+-------------+-----
Unarmed Combat | 2 3 |  3.1
Fighting       | 3 |  3.8
Shields        | 3 |  3.8
Armour         | 3 |  3.8

Action                   |  1- 3 |  4- 6 || total
-------------------------+-------+-------++-------
Melee: Unarmed           |   137 |       ||   137
       Whip              |    74 |   148 ||   222
  Use: Scroll            |     6 |     1 ||     7
       Potion            |       |     2 ||     2
Armor: Scale mail        |    96 |    49 ||   145
Dodge: Dodged            |    96 |    72 ||   168
Block: Buckler           |    39 |    25 ||    64
